Map: Ascension to Aiur LE

Players

Yata

  • Race: Zerg Zerg
  • League: Platinum
  • Spawn Location: 11:00

RedBeard - Winner!

  • Race: Zerg Zerg
  • League: Platinum
  • Spawn Location: 5:00

VOD

Have the link to the VOD?

Description

Time

  • Played on: Oct. 4, 2017, 11:31 p.m.
  • Length: 13:39
Show
View Real Time Build Order
Export as new Build Order

Yata Zerg 

Build Orders: Hatch First 

Get SALT Encoding   

  12  0:00  Drone  
  13  0:12  Overlord  
  13  0:18  Drone  
  14  0:31  Drone x2  
  14  0:34  Drone  
  17  0:53  Hatchery  
  17  0:56  Drone  
  17  1:00  Drone  
  18  1:11  Extractor  
  17  1:16  Spawning Pool  
  17  1:18  Drone  
  17  1:22  Drone  
  18  1:28  Drone  
  19  1:39  Overlord  
  19  1:50  Drone  
  20  2:00  Drone  
  21  2:03  Queen  
  21  2:05  Queen  
  25  2:12  Zergling x4  
  25  2:13  Metabolic Boost  
  27  2:16  Drone  
  28  2:26  Drone  
  28  2:28  Drone  
  30  2:36  Drone, Baneling Nest  
  30  2:37  Evolution Chamber  
  29  2:47  Zergling x4  
  31  2:59  Extractor, Drone x3  
  33  3:15  Drone x3  
  33  3:17  Overlord x2  
  36  3:30  Baneling x5  
  36  3:31  Baneling  
  31  3:34  Zergling x12  
  34  3:46  Zergling x6  
  37  4:08  Hatchery  
  36  4:13  Zergling x4  
  38  4:24  Zerg Melee Weapons Level 1  
  38  4:47  Hatchery  
  37  4:58  Overlord x2  
  37  5:16  Drone x4  
  37  5:19  Queen  
  43  5:23  Drone  
  44  5:33  Zergling x2  
  44  5:34  Zergling x2  
  46  5:38  Pneumatized Carapace  
  39  5:58  Zergling x2  
  39  5:59  Zergling x10  
  39  6:02  Baneling x4  
  39  6:03  Zergling x4  
  44  6:22  Zergling x2  
  44  6:23  Zergling x12  
  46  6:42  Roach Warren  
  46  6:45  Drone  
  46  6:46  Drone  
  48  6:47  Drone x4  
  48  6:50  Baneling  
  48  6:51  Baneling  
  51  6:59  Overlord  
  51  7:18  Queen  
  51  7:22  Roach  
  55  7:23  Roach x4  
  55  7:28  Drone x2  
  65  7:38  Lair  
  65  7:40  Zerg Missile Weapons Level 1  
  65  7:48  Overlord x3  
  65  8:06  Overlord  
  65  8:07  Overlord x3  
  65  8:08  Roach  
  67  8:14  Drone x3  
  67  8:19  Roach  
  72  8:27  Roach  
  72  8:28  Roach x2  
  72  8:30  Drone  
  72  8:31  Drone  
  72  8:33  Drone  
  81  8:35  Drone  
  81  8:37  Drone  
  81  8:39  Drone  
  84  8:43  Spore Crawler  
  84  8:46  Spore Crawler  
  82  8:51  Spore Crawler  
  72  9:05  Roach x5  
  72  9:06  Roach  
  83  9:20  Spore Crawler  
  79  9:30  Roach x6  
  85  9:37  Glial Reconstitution  
  85  9:44  Spore Crawler  
  85  9:45  Roach, Spore Crawler  
  83  10:00  Spore Crawler  
  79  10:09  Roach x5  
  79  10:12  Zergling x2  
  86  10:19  Drone  
  86  10:20  Drone x2  
  81  10:27  Spore Crawler  
  58  10:39  Hydralisk Den  
  53  10:44  Zerg Ground Armor Level 1  
  53  10:48  Drone x2  
  53  10:49  Drone x3  
  48  11:29  Hydralisk  
  48  11:30  Hydralisk x4  
  44  11:43  Drone x8  
  49  12:06  Drone x5  
  54  12:29  Hatchery  
  53  12:42  Drone  
  54  12:44  Drone  
  54  12:45  Hatchery  
  54  12:46  Drone  
  54  13:08  Hydralisk  
  54  13:09  Hydralisk x5  
Show
View Real Time Build Order
Export as new Build Order

RedBeard Zerg - Winner!

Build Orders: Hatch First 

Get SALT Encoding   

  12  0:01  Drone  
  13  0:08  Drone  
  14  0:24  Extractor  
  14  0:25  Drone  
  15  0:40  Hatchery  
  14  0:48  Extractor  
  14  0:49  Drone  
  14  1:07  Spawning Pool  
  14  1:09  Drone  
  14  1:14  Overlord  
  14  1:33  Drone x2  
  14  1:34  Drone  
  17  1:57  Metabolic Boost  
  17  1:59  Zergling x6  
  20  2:02  Queen  
  20  2:08  Overlord  
  22  2:12  Zergling x2  
  23  2:22  Zergling x4  
  25  2:29  Zergling x4  
  27  2:39  Zergling x4  
  29  2:49  Zergling x4  
  31  3:01  Zergling x4  
  33  3:07  Overlord  
  33  3:14  Queen  
  33  3:17  Zergling x2  
  35  3:58  Drone x2  
  35  4:00  Drone  
  38  4:05  Baneling Nest  
  38  4:08  Drone  
  38  4:09  Drone x5  
  43  4:28  Spine Crawler x2  
  41  4:42  Zergling x4  
  43  4:50  Baneling x7  
  43  5:22  Lair  
  43  5:27  Extractor, Drone  
  43  5:29  Overlord x2  
  43  5:30  Overlord  
  40  6:33  Spire  
  40  6:35  Drone x9  
  40  6:36  Drone x6  
  54  6:44  Queen  
  54  6:46  Queen  
  56  6:53  Extractor x2  
  56  6:57  Drone x3  
  59  7:34  Overlord x2  
  59  7:35  Overlord x2  
  59  7:48  Zerg Flyer Weapons Level 1  
  59  7:52  Hatchery  
  58  8:00  Mutalisk x5  
  68  8:07  Mutalisk  
  70  8:35  Zergling x2  
  70  8:36  Zergling x28  
  72  9:12  Mutalisk  
  72  9:13  Mutalisk x5  
  69  9:35  Zergling x2  
  69  9:36  Zergling x26  
  69  10:22  Mutalisk  
  69  10:23  Mutalisk x5  
  77  11:58  Zergling x20  
  77  11:59  Zergling x8  
  91  12:03  Hatchery  
  90  12:13  Mutalisk  
  90  12:14  Mutalisk x2  
  96  12:24  Hatchery  
  95  12:37  Hatchery  
  94  12:51  Mutalisk x2  
  94  12:56  Overlord x4  
Tags
 
Add a new tag
Caveats
  • Supply blocks, unpowered buildings, or Contaminate may cause inaccurate times.
  • Supply counts are checked every 10 seconds.